NYP
SPOKANE INDIANS @ VERMONT LAKE MONSTERS
05/06/2045
 
TOP OF THE 1ST
Spokane Indians batting - Pitching for Vermont Lake Monsters : LHP Shane Stratton
Pitching: LHP Shane Stratton
Batting: RHB Dennis Daniels 0-0: Foul Ball, location: 2F
0-1: Ground out 1-3 (Groundball, 13, EV 68.1 MPH)
Batting: RHB George King 0-0: Ball
1-0: Foul Ball, location: 2F
1-1: Fly out, F9 (Line Drive, 9S, EV 102.5 MPH)
Batting: RHB Andrew Clarke 0-0: Ball
1-0: Ball
2-0: Ground out 6-3 (Groundball, 56D, EV 86.9 MPH)
Top of the 1st over - 0 runs, 0 hits, 0 errors, 0 left on base; Spokane 0 - Vermont 0
BOTTOM OF THE 1ST
Vermont Lake Monsters batting - Pitching for Spokane Indians : LHP Leonor Bem
Pitching: LHP Leonor Bem
Batting: RHB Armando Estrada 0-0: Swinging Strike
0-1: Foul Ball, location: 2F
0-2: Foul Ball, location: 2F
0-2: Ground out 6-3 (Groundball, 6, EV 86.9 MPH)
Batting: RHB Eduardo Chavez 0-0: Foul Ball, location: 2F
0-1: Swinging Strike
0-2: Ball
1-2: Strikes out swinging
Batting: RHB Colin Boddy 0-0: Ball
1-0: Ground out 1-3 (Groundball, 13S, EV 63.8 MPH)
Bottom of the 1st over - 0 runs, 0 hits, 0 errors, 0 left on base; Spokane 0 - Vermont 0
TOP OF THE 2ND
Spokane Indians batting - Pitching for Vermont Lake Monsters : LHP Shane Stratton
Batting: RHB Dale Aubrey 0-0: Ball
1-0: Foul Ball, location: 2F
1-1: Fly out, F7 (Line Drive, 7, EV 91.2 MPH)
Batting: RHB Jesse White 0-0: Ground out 6-3 (Groundball, 6, EV 105.0 MPH)
Batting: RHB Shoh Tanioka 0-0: Ground out 4-3 (Groundball, 4, EV 95.0 MPH)
Top of the 2nd over - 0 runs, 0 hits, 0 errors, 0 left on base; Spokane 0 - Vermont 0
BOTTOM OF THE 2ND
Vermont Lake Monsters batting - Pitching for Spokane Indians : LHP Leonor Bem
Batting: RHB Jonathan Gallup 0-0: Foul Ball, location: 2F
0-1: Foul Ball, location: 2F
0-2: Foul Ball, location: 2F
0-2: Ball
1-2: Ball
2-2: Foul Ball, location: 2F
2-2: SOLO HOME RUN (Flyball, 7D, EV 108.8 MPH), Distance : 416 ft
Batting: RHB Josh Whaley 0-0: Ball
1-0: Swinging Strike
1-1: Ball
2-1: Ball
3-1: Foul Ball, location: 2F
3-2: Fly out, F7 (Flyball, 78M, EV 84.4 MPH)
Batting: LHB Lee Gerken 0-0: Called Strike
0-1: Ball
1-1: SINGLE (Line Drive, 4D, EV 100.6 MPH)
Batting: LHB Juan Villafana 0-0: Ball
1-0: Ball
2-0: Foul Ball, location: 2F
2-1: Fielders Choice at 2nd, 4-6 (Groundball, 4, EV 91.2 MPH)
Batting: LHB Jonathan McDaniel Pickoff Throw to First - Out! 1-3
Bottom of the 2nd over - 1 run, 2 hits, 0 errors, 0 left on base; Spokane 0 - Vermont 1
TOP OF THE 3RD
Spokane Indians batting - Pitching for Vermont Lake Monsters : LHP Shane Stratton
Batting: RHB Lupe Covarrubias 0-0: Ball
1-0: Foul Ball, location: 2F
1-1: Foul Ball, location: 2F
1-2: Fly out, F8 (Flyball, 8RXD, EV 88.8 MPH)
Batting: LHB Dave Doughty 0-0: Called Strike
0-1: Swinging Strike
0-2: Foul Ball, location: 2F
0-2: Strikes out looking
Batting: RHB Zi-jing Wang 0-0: Called Strike
0-1: Ball
1-1: Ball
2-1: Foul Ball, location: 2F
2-2: Foul Ball, location: 2F
2-2: Foul Ball, location: 2F
2-2: Strikes out swinging
Top of the 3rd over - 0 runs, 0 hits, 0 errors, 0 left on base; Spokane 0 - Vermont 1
BOTTOM OF THE 3RD
Vermont Lake Monsters batting - Pitching for Spokane Indians : LHP Leonor Bem
Batting: LHB Jonathan McDaniel 0-0: Ball
1-0: Called Strike
1-1: Ground out 5-3 (Groundball, 6S, EV 88.8 MPH)
Batting: LHB Larry Prey 0-0: Called Strike
0-1: Ball
1-1: Ball
2-1: Fly out, F3 (Line Drive, 3, EV 63.1 MPH)
Batting: RHB Armando Estrada 0-0: Ball
1-0: DOUBLE (Line Drive, 7LM, EV 106.2 MPH)
Batting: RHB Eduardo Chavez 0-0: Ball
1-0: Called Strike
Armando Estrada steals 3rd base
1-1: Ball
2-1: Ball
3-1: Swinging Strike
3-2: Ground out 6-3 (Groundball, 6, EV 79.4 MPH)
Bottom of the 3rd over - 0 runs, 1 hit, 0 errors, 1 left on base; Spokane 0 - Vermont 1
TOP OF THE 4TH
Spokane Indians batting - Pitching for Vermont Lake Monsters : LHP Shane Stratton
Batting: RHB Dennis Daniels 0-0: Swinging Strike
0-1: Ground out U3 (Groundball, 3, EV 103.1 MPH)
Batting: RHB George King 0-0: Called Strike
0-1: Ground out U3 (Groundball, 34, EV 87.5 MPH)
Batting: RHB Andrew Clarke 0-0: Called Strike
0-1: Ball
1-1: Fly out, F9 (Flyball, 9, EV 85.6 MPH)
Top of the 4th over - 0 runs, 0 hits, 0 errors, 0 left on base; Spokane 0 - Vermont 1
BOTTOM OF THE 4TH
Vermont Lake Monsters batting - Pitching for Spokane Indians : LHP Leonor Bem
Batting: RHB Colin Boddy 0-0: Called Strike
0-1: Ball
1-1: Foul Ball, location: 2F
1-2: Fly out, F7 (Flyball, 7LS, EV 90.6 MPH)
Batting: RHB Jonathan Gallup 0-0: Ground out 6-3 (Groundball, 6, EV 108.8 MPH)
Batting: RHB Josh Whaley 0-0: Called Strike
0-1: Ground out 6-3 (Groundball, 6, EV 98.8 MPH)
Bottom of the 4th over - 0 runs, 0 hits, 0 errors, 0 left on base; Spokane 0 - Vermont 1
TOP OF THE 5TH
Spokane Indians batting - Pitching for Vermont Lake Monsters : LHP Shane Stratton
Batting: RHB Dale Aubrey 0-0: Ball
1-0: Ball
2-0: Swinging Strike
2-1: Fly out, F7 (Flyball, 7D, EV 77.5 MPH)
Batting: RHB Jesse White 0-0: Ball
1-0: Called Strike
1-1: Called Strike
1-2: Foul Ball, location: 2F
1-2: Strikes out swinging
Batting: RHB Shoh Tanioka 0-0: SINGLE (Groundball, 6MD, EV 103.8 MPH)
Batting: RHB Lupe Covarrubias 0-0: Ball
1-0: Ball
2-0: Foul Ball, location: 2F
2-1: SINGLE (Groundball, 56D, EV 94.4 MPH)
Shoh Tanioka to second
Batting: LHB Dave Doughty 0-0: Fly out, F9 (Flyball, 9, EV 90.0 MPH)
Top of the 5th over - 0 runs, 2 hits, 0 errors, 2 left on base; Spokane 0 - Vermont 1
BOTTOM OF THE 5TH
Vermont Lake Monsters batting - Pitching for Spokane Indians : LHP Leonor Bem
Batting: LHB Lee Gerken 0-0: Ball
1-0: Called Strike
1-1: Foul Ball, location: 2F
1-2: Fly out, F8 (Flyball, 78M, EV 94.4 MPH)
Batting: LHB Juan Villafana 0-0: Swinging Strike
0-1: Foul Ball, location: 2F
0-2: Hit by Pitch
Batting: LHB Jonathan McDaniel 0-0: Ball
1-0: Called Strike
1-1: Ball
2-1: Foul Ball, location: 2F
2-2: Foul Ball, location: 2F
2-2: Fly out, F7 (Line Drive, 7S, EV 93.8 MPH)
Batting: LHB Larry Prey 0-0: Ball
Juan Villafana is caught stealing 2nd base 2-6
Bottom of the 5th over - 0 runs, 0 hits, 0 errors, 0 left on base; Spokane 0 - Vermont 1
TOP OF THE 6TH
Spokane Indians batting - Pitching for Vermont Lake Monsters : LHP Shane Stratton
Batting: RHB Zi-jing Wang 0-0: Called Strike
0-1: Ball
1-1: Ground out 5-3 (Groundball, 56, EV 101.2 MPH)
Batting: RHB Dennis Daniels 0-0: Ball
1-0: Swinging Strike
1-1: Ball
2-1: Foul Ball, location: 2F
2-2: Foul Ball, location: 2F
2-2: Ball
3-2: Foul Ball, location: 2F
3-2: Foul Ball, location: 2F
3-2: SOLO HOME RUN (Line Drive, 89XD, EV 110.0 MPH), Distance : 419 ft
Batting: RHB George King 0-0: Foul Ball, location: 2F
0-1: Ball
1-1: Swinging Strike
1-2: Strikes out swinging
Batting: RHB Andrew Clarke 0-0: Foul Ball, location: 2F
0-1: Foul Ball, location: 2F
0-2: Ball
1-2: Ball
2-2: DOUBLE (Groundball, 5L, EV 108.1 MPH)
Batting: RHB Dale Aubrey 0-0: Called Strike
0-1: Ground out 6-3 (Groundball, 6M, EV 103.8 MPH)
Top of the 6th over - 1 run, 2 hits, 0 errors, 1 left on base; Spokane 1 - Vermont 1
BOTTOM OF THE 6TH
Vermont Lake Monsters batting - Pitching for Spokane Indians : LHP Leonor Bem
DELAY Rain delay of 33 minutes in the 6th inning.
Batting: LHB Larry Prey 0-0: Called Strike
0-1: Ball
1-1: Called Strike
1-2: Fly out, F8 (Line Drive, 8LD, EV 98.1 MPH)
Batting: RHB Armando Estrada 0-0: Called Strike
0-1: Ball
1-1: Ball
2-1: SINGLE (Line Drive, 8RS, EV 109.4 MPH)
Batting: RHB Eduardo Chavez 0-0: Ball
1-0: Called Strike
1-1: Called Strike
1-2: Grounds into double play, 4-6-3 (Groundball, 4M, EV 80.6 MPH)
Bottom of the 6th over - 0 runs, 1 hit, 0 errors, 0 left on base; Spokane 1 - Vermont 1
TOP OF THE 7TH
Spokane Indians batting - Pitching for Vermont Lake Monsters : LHP Shane Stratton
Batting: RHB Jesse White 0-0: Called Strike
0-1: Ball
1-1: Ball
2-1: Foul Ball, location: 2F
2-2: Ball
3-2: Foul Ball, location: 2F
3-2: Ground out 6-3 (Groundball, 4MD, EV 83.8 MPH)
Pitching: RHP Ben Jennings
Pinch Hitting: LHB Mike Sammons 0-0: Ball
1-0: Called Strike
1-1: Ball
2-1: Foul Ball, location: 2F
2-2: Foul Ball, location: 2F
2-2: Foul Ball, location: 2F
2-2: Foul Ball, location: 2F
2-2: Ball
3-2: Foul Ball, location: 2F
3-2: SINGLE (Line Drive, 7S, EV 91.2 MPH)
Pinch Hitting: LHB Alex Ramos 0-0: Ball
1-0: Ball
Mike Sammons steals 2nd base
2-0: Intentional Walk
Batting: LHB Dave Doughty 0-0: Swinging Strike
0-1: Fly out, F8 (Flyball, 8LM, EV 90.6 MPH)
Batting: RHB Zi-jing Wang 0-0: Fly out, F9 (Flyball, 9LM, EV 108.1 MPH)
Top of the 7th over - 0 runs, 1 hit, 0 errors, 2 left on base; Spokane 1 - Vermont 1
BOTTOM OF THE 7TH
Vermont Lake Monsters batting - Pitching for Spokane Indians : LHP Leonor Bem
Now at C: Mike Sammons
Now at 2B: Alex Ramos
Now at 3B: George King
Batting: RHB Colin Boddy 0-0: Swinging Strike
0-1: Fly out, F2 (Popup, 15S, EV 86.9 MPH)
Batting: RHB Jonathan Gallup 0-0: Ball
1-0: SINGLE (Groundball, 56D, EV 103.1 MPH)
Batting: RHB Josh Whaley 0-0: Called Strike
0-1: Swinging Strike
0-2: Foul Ball, location: 2F
0-2: Strikes out looking
Batting: LHB Lee Gerken 0-0: Ball
Wild Pitch!
Jonathan Gallup to second
1-0: Ball
2-0: Called Strike
2-1: Ball
3-1: Fly out, F8 (Flyball, 78M, EV 96.2 MPH)
Bottom of the 7th over - 0 runs, 1 hit, 0 errors, 1 left on base; Spokane 1 - Vermont 1
TOP OF THE 8TH
Spokane Indians batting - Pitching for Vermont Lake Monsters : RHP Ben Jennings
Pinch Hitting: LHB Alfonso Collazo 0-0: Called Strike
0-1: Foul Ball, location: 2F
0-2: Ball
1-2: Ball
2-2: Foul Ball, location: 2F
2-2: Strikes out swinging, 2-3 out at first.
Pinch Hitting: SHB Kaname Fujimoto 0-0: Ball
1-0: Ball
2-0: Called Strike
2-1: Foul Ball, location: 2F
2-2: Ball
3-2: Base on Balls
Batting: RHB Andrew Clarke 0-0: Ball
Kaname Fujimoto steals 2nd base
1-0: Intentional Walk
Batting: RHB Dale Aubrey 0-0: SINGLE (Groundball, 25, EV 69.4 MPH) (infield hit)
Kaname Fujimoto to third
Andrew Clarke to second
Pinch Hitting: LHB William Hanley 0-0: Ball
1-0: Called Strike
1-1: Foul Ball, location: 2F
1-2: Ball
2-2: Fly out, F8 (Flyball, 89D, EV 102.5 MPH)
Runner from 3rd tags up, OUT at HOME! 8-2
Top of the 8th over - 0 runs, 1 hit, 0 errors, 2 left on base; Spokane 1 - Vermont 1
BOTTOM OF THE 8TH
Vermont Lake Monsters batting - Pitching for Spokane Indians : LHP Leonor Bem
Now at 1B: Kaname Fujimoto
Now at 3B: Chris Naumann
Now at SS: Jose Guerrero
Batting: LHB Juan Villafana 0-0: Called Strike
0-1: Ball
1-1: Fly out, F6 (Popup, P, EV 78.1 MPH)
Pinch Hitting: RHB Carlos Ballesteros 0-0: Ball
1-0: Reached on error, E5 (Groundball, 56S, EV 61.9 MPH)
Pinch Hitting: RHB Tony Moran 0-0: Called Strike
0-1: Ball
1-1: 2-RUN HOME RUN (Flyball, 7D, EV 101.2 MPH), Distance : 381 ft
Batting: RHB Armando Estrada 0-0: SINGLE (Line Drive, 8RS, EV 106.2 MPH)
Batting: RHB Eduardo Chavez 0-0: Ball
1-0: Called Strike
Pickoff Throw to First - Out! 1-3
1-1: Swinging Strike
1-2: Ball
2-2: Fly out, F7 (Line Drive, 7D, EV 91.9 MPH)
Bottom of the 8th over - 2 runs, 2 hits, 1 error, 0 left on base; Spokane 1 - Vermont 3
TOP OF THE 9TH
Spokane Indians batting - Pitching for Vermont Lake Monsters : RHP Ben Jennings
Pitching: RHP Harry Barnes
Now at 2B: Carlos Ballesteros
Now in LF: Raita Inouye
Now in RF: Josh Whaley
Batting: LHB Mike Sammons 0-0: Ball
1-0: Ball
2-0: Ball
3-0: Called Strike
3-1: Foul Ball, location: 2F
3-2: Ground out 1-3 (Groundball, 13S, EV 66.2 MPH)
Batting: LHB Alex Ramos 0-0: Ball
1-0: Called Strike
1-1: Ball
2-1: Ball
3-1: Called Strike
3-2: Base on Balls
Batting: LHB Dave Doughty 0-0: Foul Ball, location: 2F
0-1: Ball
1-1: SINGLE (Groundball, 34D, EV 96.2 MPH)
Alex Ramos to second
Batting: RHB Zi-jing Wang 0-0: Called Strike
0-1: Ball
1-1: Fly out, F3 (Popup, 3SF, EV 70.0 MPH)
Pinch Hitting: LHB Sean Gingrich 0-0: Ball
1-0: Foul Ball, location: 2F
1-1: Ground out 4-3 (Groundball, 4D, EV 102.5 MPH)
Top of the 9th over - 0 runs, 1 hit, 0 errors, 2 left on base; Spokane 1 - Vermont 3
Wednesday, June 22nd , 2022 - OOTP Baseball 23.4 Build 64